 Dungeon Crawl Stone Soup version 0.19.1-1-g22dce08 (webtiles) character file.

15323 Alarkh the Cleaver (level 12, 91/91 HPs)
             Began as a Demonspawn Monk on Jan 7, 2017.
             Was a High Priest of Okawaru.
             Quit the game on level 1 of the Lair of Beasts.
             The game lasted 00:16:44 (10374 turns).

Alarkh the Cleaver (Demonspawn Monk)               Turns: 10374, Time: 00:16:44

Health: 91/91      AC: 15    Str: 15    XL:     12   Next: 0%
Magic:  18/18      EV: 17    Int: 16    God:    Okawaru [*****.]
Gold:   637        SH:  4    Dex: 20    Spells: 0 memorised, 11 levels left

rFire  + . .     SeeInvis +     a - +4 battleaxe (freeze)
rCold  . . .     Gourm    .     V - +1 troll leather armour
rNeg   . . .     Faith    .     (shield currently unavailable)
rPois  .         Spirit   +     (helmet restricted)
rElec  .         Reflect  +     i - +2 cloak
rCorr  .         Harm     .     N - +2 pair of gloves {Str+3}
MR     .....                    C - +2 pair of boots
Stlth  +++.......               q - +4 amulet of reflection
                                m - ring of protection from fire
                                f - ring of see invisible

@: no status effects
A: antennae 1, thin skeletal structure 2, spiny 3, magic shield
a: Heroism, Finesse, Renounce Religion


You were on level 1 of the Lair of Beasts.
You worshipped Okawaru.
Okawaru was extremely pleased with you.
You were hungry.

You visited 3 branches of the dungeon, and saw 14 of its levels.

You collected 637 gold pieces.

Inventory:

Hand Weapons
 a - a +4 battleaxe of freezing (weapon)
 b - a +5 demon trident of electrocution
Missiles
 p - a throwing net (quivered)
Armour
 i - a +2 cloak (worn)
 n - +0 fire dragon scales
 u - a +0 robe
 A - a +0 pair of boots
 C - a +2 pair of boots (worn)
 J - the +0 buckler of Surprise {rC+ rCorr Slay-5, unknown}
   (You found it on level 7 of the Dungeon)

   It affects your accuracy and damage with ranged weapons and melee attacks
   (-5).
   It protects you from cold.
   It protects you from acid and corrosion.
 N - a +2 pair of gloves of strength (worn)
 P - a +1 cloak
 Q - a +3 scale mail
 V - a +1 troll leather armour (worn)
Magical Staves
 G - an uncursed staff of conjuration
 U - a cursed staff of air {unknown}
Jewellery
 f - a ring of see invisible (left hand)
 m - a ring of protection from fire (right hand)
 q - a +4 amulet of reflection (around neck)
 z - an uncursed amulet of magic regeneration
 D - an uncursed amulet of regeneration
 X - an uncursed ring of ice
 Z - an uncursed ring of ice
Wands
 s - a wand of lightning (6/15)
 B - a wand of paralysis (9/24)
 K - a wand of iceblast (5/15)
 O - a wand of slowing (16/48)
 W - a wand of flame (18/48)
Scrolls
 e - a scroll of identify
 j - 3 scrolls of fear
 l - 4 scrolls of recharging
 r - 9 scrolls of teleportation
 t - a scroll of noise
 v - 3 scrolls of remove curse
 w - a scroll of amnesia {unknown}
 x - a scroll of magic mapping
 y - 2 scrolls of fog
 H - a scroll of blinking
 I - a scroll of vulnerability {unknown}
Potions
 h - a potion of berserk rage {unknown}
 E - a potion of magic
 F - 3 potions of cure mutation
 L - a potion of might
 M - 6 potions of curing
 R - a potion of ambrosia
 S - a potion of haste
 T - 2 potions of cancellation
Books
 k - a book of Debilitation

   Spells                             Type                      Level
   a - Corona                         Hexes                        1
   b - Slow                           Hexes                        2
   c - Gell's Gravitas                Hexes/Translocation          3
   d - Inner Flame                    Hexes/Fire                   3
   e - Cause Fear                     Hexes                        4
   f - Leda's Liquefaction            Hexes/Earth                  4
 o - a book of Misfortune

   Spells                             Type                      Level
   a - Confusing Touch                Hexes                        1
   b - Confuse                        Hexes                        3
   c - Gell's Gravitas                Hexes/Translocation          3
   d - Petrify                        Transmutation/Earth          4
   e - Metabolic Englaciation         Hexes/Ice                    5
   f - Yara's Violent Unravelling     Hexes/Transmutation          5
Comestibles
 c - 10 bread rations
 d - 13 meat rations
 g - 37 fruits
 Y - a slice of pizza


   Skills:
 + Level 7.2 Fighting
 * Level 13.3 Axes
 + Level 5.8 Armour
 + Level 6.5 Dodging
 - Level 1.7 Stealth
 + Level 8.4 Invocations


You had 11 spell levels left.
You didn't know any spells.

Dungeon Overview and Level Annotations

Branches:
Dungeon (12/15)            Temple (1/1) D:6            Lair (1/6) D:8
    Orc: D:9-12

Altars:
Ashenzari
Cheibriados
Dithmenos
Elyvilon
Fedhas
Gozag
Hepliaklqana
Kikubaaqudgha
Makhleb
Nemelex Xobeh
Okawaru
Qazlal
Ru
Sif Muna
Trog
Uskayaw
Vehumet
Xom
Yredelemnul
Zin
The Shining One

Shops:
D:9 =


Innate Abilities, Weirdness & Mutations

You have a pair of small antennae on your head.
You have a moderately thin skeletal structure. (Dex +4, Stealth+)
You are completely covered in sharp spines.
When hurt, damage is shared between your health and your magic reserves.


Message History

You now have 637 gold pieces (gained 18).
Found a stone staircase leading down.
You are feeling hungry.
A porcupine comes into view.
A porcupine is nearby!
A porcupine is nearby!
You barely miss the porcupine. The porcupine is struck by your spines.
The porcupine closely misses you.
You barely miss the porcupine.
The porcupine is almost dead.
The porcupine completely misses you. The porcupine is struck by your spines.
You kill the porcupine!
Okawaru accepts your kill.
You have reached level 12!
Your experience leads to an increase in your attributes!
Your base attributes are Str 11, Int 15, Dex 20.
Increase (S)trength, (I)ntelligence, or (D)exterity?
You feel clever.
You feel stronger.
Your demonic ancestry asserts itself...
You feel your magical essence form a protective shroud around your flesh.
Are you sure you want to abandon this character and quit the game? (Confirm with "yes".)

.............# ###...........
...........### ####P#...........
..........#.####.#P..............
.................................
##.###...##.......#####..........
#####..####.......## #..........
#...[####.........# #..........
####...##P..........# ##.........
......####......@..## #.........
......# #......†..# ##........
......# #........## #........
......# #........## ##.......
......# #.......P# ##.#.....
......# #......### #...####.
......# ###.### ##.###### ......#
## #..###..# ...(..# #.P#...##


There were no monsters in sight!

Vanquished Creatures
  Fannar (D:11)
  A hydra (D:11)
  An unseen horror (D:10)
  2 hill giants (D:11)
  2 ugly things
  A manticore (D:11)
  Joseph (D:7)
  A spiny frog (Lair:1)
  Psyche (D:8)
  A hornet (D:11)
  Grinder (D:6)
  A merfolk (D:10)
  A troll (D:9)
  A two-headed ogre (D:11)
  A hippogriff (D:11)
  A wraith (D:11)
  A hungry ghost (D:8)
  A basilisk (D:8)
  A wyvern (D:8)
  16 yaks
  Menkaure (D:5)
  A mottled dragon (D:11)
  The ghost of markt42 the Cudgeler, an amateur GrMo (D:4)
  Duvessa (D:5)
  2 orc warriors
  3 porcupines
  4 black bears
  6 sky beasts
  2 ice beasts
  4 ogres
  3 phantoms
  3 centaurs
  4 crocodiles (D:8)
  A big kobold (D:7)
  7 bullfrogs
  Dowan (D:5)
  5 scorpions
  9 wights
  7 howler monkeys
  5 crimson imps
  2 bullfrog zombies
  4 orc priests
  A jelly (D:11)
  A gnoll shaman (D:8)
  A bullfrog skeleton (D:7)
  2 centaur skeletons
  5 hounds
  3 iguanas
  Jessica (D:2)
  Terence (D:2)
  13 orc wizards
  8 worker ants
  A killer bee zombie (D:8)
  A hound zombie (D:10)
  10 gnolls
  2 howler monkey skeletons
  7 adders
  2 river rats (D:8)
  3 shadow imps
  2 oozes
  An adder zombie (D:9)
  3 worms
  2 dart slugs
  3 leopard geckos
  42 orcs
  2 ball pythons
  5 giant cockroaches
  6 goblins
  14 hobgoblins
  6 jackals
  10 kobolds
  4 quokkas
  6 bats
  7 frilled lizards
  A jackal skeleton (D:4)
  A quokka skeleton (D:8)
  A quokka zombie (D:9)
  5 rats
296 creatures vanquished.

Vanquished Creatures (others)
  A fungus (D:8)
1 creature vanquished.

Grand Total: 297 creatures vanquished

Notes
Turn   | Place    | Note
-------+----------+-------------------------------------------
     0 | D:1      | Alarkh the Demonspawn Monk began the quest for the Orb.
     0 | D:1      | Reached XP level 1. HP: 18/18 MP: 1/1
   113 | D:1      | Reached skill level 3 in Axes
   278 | D:1      | Gained mutation: You have a pair of small antennae on your head. [demonic ancestry]
   278 | D:1      | Reached XP level 2. HP: 13/24 MP: 2/2
   898 | D:2      | Found a shadowy altar of Dithmenos.
   928 | D:2      | Gained mutation: You are partially covered in sharp spines. [demonic ancestry]
   928 | D:2      | Reached XP level 3. HP: 27/29 MP: 3/3
   976 | D:2      | Reached skill level 4 in Axes
  1022 | D:2      | Noticed Jessica
  1036 | D:2      | Killed Jessica
  1036 | D:2      | Gained mutation: You are mostly covered in sharp spines. [demonic ancestry]
  1036 | D:2      | Reached XP level 4. HP: 16/35 MP: 4/4
  1422 | D:2      | Noticed Terence
  1440 | D:2      | Killed Terence
  1699 | D:2      | Reached skill level 5 in Axes
  2196 | D:3      | Gained mutation: You have a somewhat thin skeletal structure. (Dex +2, Stealth) [demonic ancestry]
  2196 | D:3      | Reached XP level 5. HP: 41/41 MP: 5/5
  2498 | D:3      | Found a shimmering altar of Xom.
  2730 | D:4      | Found a deep blue altar of Sif Muna.
  2848 | D:4      | Noticed markt42's ghost (amateur GrMo)
  3207 | D:5      | Entered Level 5 of the Dungeon
  3246 | D:5      | Reached skill level 6 in Axes
  3257 | D:5      | Noticed Menkaure
  3266 | D:5      | Killed Menkaure
  3266 | D:5      | Gained mutation: You have a moderately thin skeletal structure. (Dex +4, Stealth+) [demonic ancestry]
  3266 | D:5      | Reached XP level 6. HP: 9/47 MP: 6/6
  3373 | D:5      | Noticed an ice beast
  3379 | D:5      | Noticed Dowan
  3518 | D:5      | Killed an ice beast
  3518 | D:5      | Reached skill level 7 in Axes
  3758 | D:4      | Found a sacrificial altar of Ru.
  4169 | D:5      | Gained mutation: You are completely covered in sharp spines. [demonic ancestry]
  4169 | D:5      | Reached XP level 7. HP: 44/52 MP: 7/7
  4267 | D:5      | Killed Dowan
  4414 | D:5      | Noticed Duvessa
  4424 | D:5      | Killed Duvessa
  4424 | D:5      | Reached skill level 8 in Axes
  4492 | D:6      | Noticed Grinder
  4519 | D:6      | Paralysed by Grinder for 6 turns
  4532 | D:6      | Paralysed by Grinder for 7 turns
  4548 | D:6      | Killed Grinder
  4548 | D:6      | Reached skill level 9 in Axes
  4548 | D:6      | Reached XP level 8. HP: 25/58 MP: 8/8
  4756 | D:6      | Found a staircase to the Ecumenical Temple.
  4766 | Temple   | Entered the Ecumenical Temple
  4853 | Temple   | Became a worshipper of Warmaster Okawaru
  4853 | Temple   | Reached * piety under Okawaru
  4853 | Temple   | Reached ** piety under Okawaru
  5335 | D:4      | Reached skill level 10 in Axes
  5408 | D:4      | Killed markt42's ghost
  5638 | D:4      | Found a glowing golden altar of the Shining One.
  6076 | D:7      | Reached skill level 1 in Invocations
  6098 | D:7      | Noticed Joseph
  6102 | D:7      | Reached XP level 9. HP: 62/64 MP: 9/9
  6109 | D:7      | Reached skill level 1 in Armour
  6119 | D:7      | Killed Joseph
  6119 | D:7      | Reached *** piety under Okawaru
  6221 | D:7      | Reached skill level 11 in Axes
  6451 | D:7      | Got a dazzling buckler
  6525 | D:7      | Found a sparkling altar of Nemelex Xobeh.
  6721 | D:8      | Found a shimmering altar of Xom.
  6737 | D:8      | HP: 3/65 [gnoll/flail (5)]
  6973 | D:8      | Reached XP level 10. HP: 52/73 MP: 10/13
  6979 | D:8      | Reached **** piety under Okawaru
  6994 | D:8      | Reached skill level 5 in Fighting
  7001 | D:8      | Reached skill level 5 in Invocations
  7182 | D:8      | Found a staircase to the Lair.
  7227 | D:8      | Noticed Psyche
  7289 | D:8      | Killed Psyche
  7289 | D:8      | Reached ***** piety under Okawaru
  7289 | D:8      | Reached skill level 12 in Axes
  7289 | D:8      | Reached skill level 5 in Dodging
  7341 | D:8      | Found a hide-covered altar of Uskayaw.
  7341 | D:8      | Found a blossoming altar of Fedhas.
  7428 | D:8      | Received a gift from Okawaru
  7781 | D:9      | Found Kopt's Jewellery Emporium.
  8592 | D:10     | Entered Level 10 of the Dungeon
  8852 | D:10     | Reached XP level 11. HP: 81/81 MP: 15/15
  9120 | D:10     | You fall through a shaft for 2 floors!
  9120 | D:12     | Noticed a brown ugly thing
  9128 | D:12     | Killed a brown ugly thing
  9224 | D:11     | Noticed a hill giant
  9232 | D:11     | Killed a hill giant
  9287 | D:11     | Noticed a hill giant
  9290 | D:11     | Killed a hill giant
  9383 | D:11     | Noticed Fannar
  9391 | D:11     | Reached skill level 5 in Armour
  9466 | D:11     | Killed Fannar
  9466 | D:11     | Reached skill level 13 in Axes
  9680 | D:11     | Noticed a brown ugly thing
  9687 | D:11     | Killed a brown ugly thing
  9687 | D:11     | Received a gift from Okawaru
  9875 | D:11     | Noticed a seven-headed hydra
  9884 | D:11     | Killed a seven-headed hydra
 10033 | D:10     | Noticed an unseen horror
 10039 | D:10     | Killed an unseen horror
 10170 | Lair:1   | Entered Level 1 of the Lair of Beasts
 10373 | Lair:1   | Gained mutation: When hurt, damage is shared between your health and your magic reserves. [demonic ancestry]
 10373 | Lair:1   | Reached XP level 12. HP: 91/91 MP: 18/18
 10374 | Lair:1   | Quit the game

Skill      XL: |  1  2  3  4  5  6  7  8  9 10 11 |
---------------+----------------------------------+-----
Axes           | 3 4 5 6 7 9 10 11 12 13 | 13.3
Invocations    | 1 4 6 8 |  8.4
Armour         | 2 4 5 |  5.8
Dodging        | 4 5 6 |  6.5
Fighting       | 4 6 7 |  7.2
Stealth        | |  1.7

Action                   |  1- 3 |  4- 6 |  7- 9 | 10-12 || total
-------------------------+-------+-------+-------+-------++-------
Melee: Hand axe          |    87 |   117 |       |       ||   204
       War axe           |       |    32 |     8 |       ||    40
       Trident           |       |       |    85 |       ||    85
       Battleaxe         |       |       |   130 |   320 ||   450
       Punch             |       |       |     2 |       ||     2
       Demon trident     |       |       |       |     6 ||     6
Invok: Heroism           |       |       |     8 |     3 ||    11
  Use: Scroll            |     1 |     3 |     7 |     9 ||    20
       Potion            |     2 |     7 |     3 |     1 ||    13
 Stab: Sleeping          |     3 |     4 |     5 |    16 ||    28
       Distracted        |       |       |     1 |       ||     1
  Eat: Chunk             |       |     8 |    11 |    12 ||    31
       Fruit             |       |     1 |       |       ||     1
Armor: Robe              |    17 |    19 |    44 |    16 ||    96
       Skin              |       |       |    25 |       ||    25
       Troll leather arm |       |       |       |    70 ||    70
Dodge: Dodged            |    56 |    70 |   126 |   187 ||   439
Block: Other             |       |     7 |    15 |    26 ||    48
       Reflection        |       |     1 |       |       ||     1
